 Dungeon Crawl Stone Soup version bcrawl-1.38.1 (webtiles) character file.

Game seed: 14640187849267120448

154068 Morbidden the Ducker (level 5, 48/48 HPs)
             Began as a Troll Archaeologist on Apr 4, 2023.
             Quit the game on level 3 of the Dungeon.
             The game lasted 00:02:32 (2080 turns).

Morbidden the Ducker (Troll Archaeologist)          Turns: 2080, Time: 00:02:33

Health: 48/48      AC:  7    Str: 20    XL:     5   Next: 2%
Magic:  5/5        EV: 10    Int: 11    God:
Gold:   212        SH:  0    Dex:  8    Spells: 5/5 levels left

rFire    + . .     GDR:     24%   - Claws (14.6)
rCold    + . .     SeeInvis .   (no shield)
rNeg     . . .     Gourm    +   (armour unavailable)
rPois    .         Faith    .   c - +1 hat
rElec    .         Spirit   +   j - scarf {rC+ rF+}
rCorr    .         Reflect  .   (gloves unavailable)
MR       .....                  (boots unavailable)
Stlth    ++........             l - amulet of guardian spirit
HPRegen  0.58/turn              (no ring)
MPRegen  0.09/turn              (no ring)

@: no status effects
A: large, almost no armour, claws 3, fast metabolism 3, gourmand, regeneration
1, AC +6
a: no special abilities


You were on level 3 of the Dungeon.
You were very full.

You visited 1 branch of the dungeon, and saw 3 of its levels.

You collected 212 gold pieces.

Inventory:

Hand Weapons
 b - a +0 blowgun
Missiles
 d - 6 curare-tipped needles
 m - 726 stones (quivered)
 t - 14 poisoned needles
Armour
 c - a +1 hat (worn)
 j - a scarf of resistance (worn)
Jewellery
 l - an amulet of guardian spirit (around neck)
Scrolls
 g - 2 scrolls of magic mapping
 i - 3 scrolls of identify
 k - a scroll of amnesia {unknown}
 q - 2 scrolls of remove curse {unknown}
 u - a scroll of blinking {unknown}
Potions
 a - 6 potions of curing {unknown}
 h - 2 potions of degeneration {unknown}
 n - a potion of mutation {unknown}
 o - 2 potions of resistance {unknown}
 p - 2 potions of heal wounds {unknown}
 r - a potion of lignification {unknown}
Comestibles
 e - 6 rations {!d}
 s - 6 chunks of flesh


   Skills:
 * Level 1.3 Fighting
   Level 1.0 Maces & Flails
 * Level 1.1 Throwing
 * Level 3.0 Dodging
 + Level 2.0 Stealth
 * Level 2.3 Unarmed Combat
 * Level 0.9 Spellcasting
 * Level 0.5 Evocations


You had 5 spell levels left.
You didn't know any spells.
Your spell library was empty.

Dungeon Overview and Level Annotations

Branches:
Dungeon (3/12)

Altars:


Innate Abilities, Weirdness & Mutations

You cannot wear most types of armour.
Your thick skin is tough. (AC +6)
You are too large for most types of armour.
You have claws for hands.
Your metabolism is lightning-fast.
You like to eat raw meat.
Your natural rate of healing is unusually fast.


Message History

You're now able to understand the dusty tome!
Part of it contains a powerful arcane formula!
Most of the book is about a legendary artefact.
It claims this artefact was created by a master of translocation magic, which supposedly proves the superiority of translocations to the other schools of magic.
As you read the scroll of acquirement, it crumbles to dust.
Acquire which item? (Press ! for descriptions.) A: +0 broad axe of chopping; B: +0 large shield of protection C: ring "Siruizarch" {Fire Int+3 Dex+4}; D: manual of Polearms E: staff of poison; F: wand of scattershot (11); G: 7 rations H: 762 gold pieces This will waste the scroll!
Really cancel your acquirement? (Y/N) Acquire which item? (Press ! for descriptions.) A: +0 broad axe of chopping; B: +0 large shield of protection C: ring "Siruizarch" {Fire Int+3 Dex+4}; D: manual of Polearms E: staff of poison; F: wand of scattershot (11); G: 7 rations H: 762 gold pieces This will waste the scroll!
Really cancel your acquirement? (Y/N) Cancelling acquirement.
No path to travel!
Are you sure you want to abandon this character and quit the game? (Confirm with "yes".)

#.# #.# #.# #.# #.####
#....# ######
##########....###....###
..$...........'.........
######@###...###....###
#.# ##### #....# #.#
#...[# #.# ######## #>.
....... #.# ## #.... #.#
...#.... #.# ...'....
...#....


There were no monsters in sight!

Vanquished Creatures
  Natasha (D:3)
  An orc wizard (D:3)
  An adder (D:3)
  2 worms (D:2)
  3 leopard geckos
  8 orcs (D:3)
  A ball python (D:2)
  2 giant cockroaches (D:1)
  A goblin (D:1)
  10 hobgoblins
  7 jackals
  5 kobolds
  2 quokkas (D:2)
  7 bats
  2 frilled lizards
  5 rats
58 creatures vanquished.

Notes
Turn   | Place    | Note
-------+----------+-------------------------------------------
     0 | D:1      | Morbidden the Troll Archaeologist began the quest for the
                  | Orb.
     0 | D:1      | Reached XP level 1. HP: 18/18 MP: 0/0
    98 | D:1      | Reached XP level 2. HP: 26/26 MP: 1/1
   347 | D:1      | Reached skill level 1 in Fighting
   612 | D:1      | Reached XP level 3. HP: 33/33 MP: 2/2
   894 | D:2      | Reached skill level 1 in Unarmed Combat
  1787 | D:3      | Noticed Natasha
  1797 | D:3      | Killed Natasha
  1798 | D:3      | Reached skill level 1 in Throwing
  1798 | D:3      | Reached skill level 3 in Dodging
  1798 | D:3      | Gained mutation: Your natural rate of healing is unusually
                  | fast. [Troll growth]
  1798 | D:3      | Reached XP level 4. HP: 34/41 MP: 2/4
  2079 | D:3      | Reached XP level 5. HP: 48/48 MP: 5/5
  2079 | D:3      | Identified a scroll of acquirement
  2079 | D:3      | Identified the ring "Siruizarch" {Fire Int+3 Dex+4} (You
                  | acquired it on level 3 of the Dungeon)
  2080 | D:3      | Quit the game

Skill      XL: |  1  2  3  4 |
---------------+-------------+-----
Fighting       | 1 |  1.3
Unarmed Combat | 1 2 |  2.3
Throwing       | 1 |  1.1
Dodging        | 3 |  3.0
Stealth        | 2 |  2.0
Maces & Flails | |  1.0
Spellcasting   | |  0.9
Evocations     | |  0.5

Action                   |  1- 3 |  4- 6 || total
-------------------------+-------+-------++-------
Melee: Unarmed           |   123 |    49 ||   172
       Punch             |       |     1 ||     1
Throw: Stone             |     8 |       ||     8
  Use: Scroll            |       |     1 ||     1
 Stab: Sleeping          |     9 |     1 ||    10
  Eat: Chunk             |    19 |     3 ||    22
Armor: Skin              |    46 |    11 ||    57
Dodge: Dodged            |    72 |    29 ||   101
